 Dungeon Crawl Stone Soup version 0.21.1-1-g345015f (webtiles) character file.

341 Kuinu the Slasher (level 6, -3/56 HPs)
             Began as a Minotaur Fighter on July 18, 2018.
             Slain by a quokka (4 damage)
             ... summoned by Eustachio
             ... on level 5 of the Dungeon.
             The game lasted 00:21:47 (3752 turns).

Kuinu the Slasher (Minotaur Fighter)                Turns: 3752, Time: 00:21:48

Health: -3/56      AC:  8    Str: 23    XL:     6   Next: 30%
Magic:  5/5        EV:  7    Int:  5    God:    Xom [..*...]
Gold:   312        SH: 10    Dex:  9    Spells: 5/5 levels left

rFire    . . .     SeeInvis .   a - +0 long sword
rCold    . . .     Gourm    .   c - +0 shield
rNeg     . . .     Faith    .   b - +0 scale mail
rPois    .         Spirit   .   (helmet restricted)
rElec    .         Reflect  .   (no cloak)
rCorr    .         Harm     .   r - +0 pair of gloves
MR       .....                  (no boots)
Stlth    ..........             (no amulet)
HPRegen  0.18/turn              (no ring)
MPRegen  0.09/turn              (no ring)

@: no status effects
A: retaliatory headbutt, horns 2
a: Renounce Religion


You were on level 5 of the Dungeon.
You worshipped Xom.
You were a toy of Xom.
You were not hungry.

You visited 2 branches of the dungeon, and saw 7 of its levels.

You collected 312 gold pieces.

Inventory:

Hand Weapons
 a - a +0 long sword (weapon)
 l - a +0 club
 o - a +0 club
 p - a +0 hunting sling
 B - a +0 falchion
Missiles
 u - 9 poisoned needles
Armour
 b - a +0 scale mail (worn)
 c - a +0 shield (worn)
 r - a +0 pair of gloves (worn)
Wands
 n - a wand of digging (5)
Scrolls
 e - 2 scrolls of teleportation {unknown}
 g - a scroll of immolation {unknown}
 k - a scroll of magic mapping {unknown}
 q - a scroll of enchant armour {unknown}
 t - 3 scrolls of identify {unknown}
 v - 3 scrolls of blinking {unknown}
 w - a scroll of noise {unknown}
 x - 3 scrolls of amnesia {unknown}
 y - a scroll of enchant weapon {unknown}
Potions
 d - a potion of might
 h - 3 potions of heal wounds {unknown}
 i - 3 potions of curing {unknown}
 j - a potion of haste {unknown}
 m - 2 potions of lignification {unknown}
 s - 2 potions of flight {unknown}
 z - a potion of agility {unknown}
Books
 A - a book of Power

   Spells                             Type                      Level
   a - Iskenderun's Battlesphere      Conjuration/Charms           5
   b - Venom Bolt                     Conjuration/Poison           5
   c - Bolt of Magma                  Conjuration/Fire/Earth       5
   d - Iron Shot                      Conjuration/Earth            6
   e - Orb of Destruction             Conjuration                  7
   f - Spellforged Servitor           Conjuration/Summoning        7
 C - a book of Misfortune

   Spells                             Type                      Level
   a - Confusing Touch                Hexes                        1
   b - Confuse                        Hexes                        3
   c - Gell's Gravitas                Translocation                3
   d - Petrify                        Transmutation/Earth          4
   e - Metabolic Englaciation         Hexes/Ice                    5
   f - Yara's Violent Unravelling     Hexes/Transmutation          5
 D - a book of Battle

   Spells                             Type                      Level
   a - Infusion                       Charms                       1
   b - Shroud of Golubria             Charms/Translocation         2
   c - Song of Slaying                Charms                       2
   d - Spectral Weapon                Hexes/Charms                 3
   e - Regeneration                   Charms/Necromancy            3
Comestibles
 f - 7 rations


   Skills:
 + Level 5.0 Fighting
 * Level 5.4 Long Blades
 + Level 4.9 Armour
 + Level 5.0 Shields


You had 5 spell levels left.
You didn't know any spells.

Dungeon Overview and Level Annotations

Branches:
Dungeon (6/15)             Temple (1/1) D:4

Altars:
Ashenzari
Cheibriados
Dithmenos
Elyvilon
Fedhas
Kikubaaqudgha
Makhleb
Nemelex Xobeh
Okawaru
Qazlal
Ru
Sif Muna
Trog
Uskayaw
Vehumet
Wu Jian
Xom
Yredelemnul
Zin
The Shining One

Annotations:
D:5 Eustachio
D:6 Kuinu's ghost, amateur MiFi


Innate Abilities, Weirdness & Mutations

You reflexively headbutt those who attack you in melee.
You have a pair of horns on your head.


Message History

* * * LOW HITPOINT WARNING * * *
The bat hits you but does no damage. You block the iron imp's attack.
The bat hits you but does no damage. The bat hits you but does no damage.
The quokka bites you but does no damage.
The bat hits you.
* * * LOW HITPOINT WARNING * * *
The bat hits you but does no damage.
The crimson imp disappears for a moment.
You closely miss the bat. You headbutt the bat.
The bat is moderately wounded.
You block the bat's attack. The crimson imp hits you.
* * * LOW HITPOINT WARNING * * *
You block the quokka's attack. You block the bat's attack.
Eustachio mumbles some strange words.
Eustachio blinks!
The crimson imp hits you but does no damage.
The quokka bites you.
You die...
Xom cackles wildly!

.###################
.#.................####
.#.#############......#
.#'##### #......# .......#
#[[....##### .......#
#..........# ....[..#
#..........#
.......#########.5.....@..#
.......+........@r§.......#
.......##.......b55......>#
........+.................#
#......##..........########
#......##..........#
##..............####
##....###.......# #....#
###'##### ......@.!...#


You could see Eustachio, an iron imp, a crimson imp, an ufetubus, a quokka and a
bat.

Vanquished Creatures
  A crimson imp (D:5)
  A bullfrog skeleton (D:6)
  2 worker ants
  8 adders
  A shadow imp (D:5)
  2 oozes (D:1)
  3 worms
  5 dart slugs
  9 orcs
  3 ball pythons
  5 giant cockroaches
  4 goblins
  4 hobgoblins
  5 jackals
  A quokka (D:3)
  6 bats
  12 frilled lizards
  2 kobolds (D:3)
  9 rats
83 creatures vanquished.

Vanquished Creatures (collateral kills)
  A phantom (D:4)
  An orc (D:4)
2 creatures vanquished.

Grand Total: 85 creatures vanquished

Notes
Turn   | Place    | Note
-------+----------+-------------------------------------------
     0 | D:1      | Kuinu the Minotaur Fighter began the quest for the Orb.
     0 | D:1      | Reached XP level 1. HP: 19/19 MP: 0/0
    52 | D:1      | Reached XP level 2. HP: 27/27 MP: 1/1
   630 | D:2      | Reached XP level 3. HP: 33/33 MP: 2/2
   792 | D:2      | Found a faded altar of an unknown god.
   928 | D:2      | Reached XP level 4. HP: 30/40 MP: 3/3
  1840 | D:3      | Reached XP level 5. HP: 47/47 MP: 4/4
  2089 | D:4      | Found a staircase to the Ecumenical Temple.
  2118 | Temple   | Entered the Ecumenical Temple
  2535 | Temple   | Became a worshipper of Xom of Chaos
  2596 | D:4      | XOM: divination: detect creatures
  2686 | D:4      | Found a blossoming altar of Fedhas.
  2688 | D:4      | Found an iron altar of Okawaru.
  2707 | D:4      | XOM: divination: magic mapping
  2745 | D:4      | Noticed a phantom
  2770 | D:4      | XOM: harmless Hex miscast
  2790 | D:4      | XOM: cleaving
  2794 | D:4      | XOM: harmless Chrm miscast
  2817 | D:4      | XOM: cast spell 'Monstrous Menagerie'
  2822 | D:4      | Killed a phantom
  2822 | D:4      | Reached skill level 5 in Long Blades
  3377 | D:4      | XOM is BORED!
  3377 | D:4      | XOM: noise
  3593 | D:5      | Entered Level 5 of the Dungeon
  3610 | D:5      | XOM: confuse monster(s)
  3625 | D:5      | Reached XP level 6. HP: 54/55 MP: 5/5
  3663 | D:5      | Reached skill level 5 in Shields
  3701 | D:5      | Noticed Eustachio
  3707 | D:5      | XOM: confuse monster(s)
  3726 | D:6      | Reached skill level 5 in Fighting
  3727 | D:6      | Noticed Kuinu's ghost (amateur MiFi)
  3752 | D:5      | HP: 1/56 [crimson imp[Eustachio] (2)]
  3752 | D:5      | Slain by a quokka

Skill      XL: |  1  2  3  4  5  6 |
---------------+-------------------+-----
Long Blades    | 3 4 5 |  5.4
Fighting       | 4 5 |  5.0
Shields        | 4 5 |  5.0
Armour         | 4 |  4.9

Action                   |  1- 3 |  4- 6 || total
-------------------------+-------+-------++-------
Melee: Long sword        |    66 |   161 ||   227
       Headbutt          |     8 |    16 ||    24
  Eat: Chunk             |       |     5 ||     5
       Ration            |       |     2 ||     2
Armor: Scale mail        |    38 |    79 ||   117
Dodge: Dodged            |    17 |    40 ||    57
Block: Shield            |    37 |    90 ||   127
       Rpst.: Long sword |     4 |    11 ||    15
